 Dungeon Crawl Stone Soup version 0.24-a0-525-g9231cdcba1 (webtiles) character file.

Game seed: 3758502917044352431

198 BinkBink the Cudgeler (level 5, -4/50 HPs)
             Began as a Deep Dwarf Berserker on Aug 2, 2019.
             Was a Believer of Trog.
             Slain by an ogre
             ... wielding a +0 giant spiked club
              (24 damage)
             ... on level 4 of the Dungeon.
             The game lasted 00:03:48 (2046 turns).

BinkBink the Cudgeler (Deep Dwarf Berserker)        Turns: 2046, Time: 00:03:49

Health: -4/50      AC: 12    Str: 21    XL:     5   Next: 47%
Magic:  4/4        EV:  7    Int:  8    God:    Trog [**....]
Gold:   174        SH:  0    Dex: 12    Spells: 4/4 levels left

rFire    . . .     SeeInvis .   a - +0 mace
rCold    . . .     Gourm    .   (no shield)
rNeg     . . .     Faith    .   u - +0 plate armour {MR+}
rPois    .         Spirit   .   (no helmet)
rElec    .         Reflect  .   (no cloak)
rCorr    .         Harm     .   (no gloves)
MR       +....                  h - +0 pair of boots
Stlth    ..........             (no amulet)
HPRegen  0.00/turn              (no ring)
MPRegen  0.09/turn              (no ring)

@: non-regenerating
A: damage resistance, heal wounds, sense surroundings 1, no regeneration
a: Heal Wounds, Berserk, Trog's Hand, Renounce Religion


You were on level 4 of the Dungeon.
You worshipped Trog.
Trog was pleased with you.
You were hungry.

You visited 1 branch of the dungeon, and saw 4 of its levels.

You collected 174 gold pieces.

Inventory:

Hand Weapons
 a - a +0 mace (weapon)
Armour
 b - a +0 animal skin
 h - a +0 pair of boots (worn)
 i - a +0 scale mail
 s - a +0 plate armour
 u - a +0 plate armour of magic resistance (worn)
Wands
 r - a wand of random effects (6)
Scrolls
 d - 6 scrolls of identify {unknown}
 e - a scroll of fear {unknown}
 j - a scroll of blinking {unknown}
 l - a scroll of immolation {unknown}
 m - 2 scrolls of teleportation {unknown}
 n - 4 scrolls of remove curse {unknown}
 p - 2 scrolls of enchant weapon {unknown}
 t - a scroll of fog {unknown}
Potions
 f - 3 potions of haste {unknown}
 g - 3 potions of degeneration {unknown}
 k - 2 potions of flight {unknown}
 o - a potion of curing
 q - a potion of ambrosia {unknown}
Comestibles
 c - 5 rations


   Skills:
 + Level 3.8 Fighting
 + Level 4.9 Maces & Flails
 + Level 2.7 Armour
 + Level 3.0 Dodging


You had 4 spell levels left.
You didn't know any spells.
Your spell library was empty.

Dungeon Overview and Level Annotations

Branches:
Dungeon (4/15)
 Temple: D:4-7

Altars:
Makhleb
Vehumet
Zin

Annotations:
D:3 2 transporters


Innate Abilities, Weirdness & Mutations

You are resistant to damage.
You can heal yourself by infusing magical energy.
You passively map a small area around you.
You do not regenerate.


Message History

An adder comes into view.
A jackal skeleton comes into view.
The adder hisses angrily.
You see here a ring mail.
A phantom comes into view.
The ogre hits you with a +0 giant spiked club!
Found a ration.
Found an escape hatch in the ceiling.
You hit the ogre.
The ogre is lightly wounded.
You are feeling hungry.
You barely miss the ogre.
The ogre is lightly wounded.
The adder closely misses you.
The ogre hits you with a +0 giant spiked club!
The adder bites you but does no damage.
You are too injured to fight recklessly!
You are too injured to fight recklessly!
Unknown command.
The ogre hits you with a +0 giant spiked club!!
You die...

.........#....#
.........,....#.*
.........#......*
........#.....# *
.......?.>....# ####
,
........#.....#....#
.%..##.[..# *.#.. .
, #...S#####....
,,*#..ZWO@....#.#. ,
#..#.......#..( * *
#.............. + *
#..........#..
#..........# .
#.#..#....## *
........#..#####
.........#......#
#........#......#


You could see a phantom, an ogre, an adder and a jackal skeleton.

Vanquished Creatures
  Natasha (thrice) (D:3)
  3 gnolls (D:2)
  4 adders
  An ooze (D:3)
  A worm (D:2)
  A dart slug (D:1)
  A leopard gecko (D:2)
  An orc (D:2)
  3 giant cockroaches
  8 goblins
  6 hobgoblins
  2 ball pythons
  3 bats
  3 frilled lizards
  A jackal skeleton (D:2)
  9 kobolds
  8 rats
58 creatures vanquished.

Notes
Turn   | Place    | Note
-------+----------+-------------------------------------------
     0 | D:1      | BinkBink the Deep Dwarf Berserker began the quest for the
                  | Orb.
     0 | D:1      | Reached XP level 1. HP: 20/20 MP: 1/1
    76 | D:1      | Reached XP level 2. HP: 20/27 MP: 2/2
   734 | D:2      | Found a radiant altar of Vehumet.
   773 | D:2      | Reached XP level 3. HP: 21/34 MP: 3/3
   799 | D:2      | Reached ** piety under Trog
  1110 | D:2      | Found a burning altar of Makhleb.
  1140 | D:2      | Reached XP level 4. HP: 23/43 MP: 4/4
  1170 | D:2      | Reached skill level 4 in Maces & Flails
  1446 | D:3      | Found a transporter.
  1561 | D:3      | Noticed Natasha
  1585 | D:3      | Killed Natasha
  1585 | D:3      | Reached XP level 5. HP: 45/50 MP: 4/4
  1820 | D:3      | Found a transporter.
  1830 | D:3      | Noticed a kobold demonologist
  1855 | D:3      | Found a glowing silver altar of Zin.
  1873 | D:3      | Noticed Natasha
  1930 | D:3      | Killed Natasha
  1934 | D:3      | Noticed Natasha
  1944 | D:3      | Killed Natasha
  2037 | D:4      | Noticed an ogre
  2040 | D:4      | Noticed a phantom
  2046 | D:4      | Slain by an ogre

Levels and vault maps discovered:
D:1:      minmay_arrival_checkered_box, layout_basic, minmay_misc_feat_plants
D:2:      minmay_chambers_of_twos, layout_loops_ring, vehumet_crystals,
          serial_bayou, serial_bayou_lagoon_a, serial_bayou_ford_a,
          serial_bayou_pond_a, serial_bayou_pond_e, serial_bayou_shore_b,
          lemuel_tele_altar
D:3:      gammafunk_wand_slinger, layout_basic, lemuel_crystal_altar,
          uniq_natasha
D:4:      minmay_chambers_of_threes, layout_rooms, first_ration,
          kennysheep_generic_room_9, uniq_eustachio

Skill      XL: |  1  2  3  4  5 |
---------------+----------------+-----
Fighting       | 3 |  3.8
Maces & Flails | 4 |  4.9
Dodging        | 3 |  3.0
Armour         | |  2.7

Action                   |  1- 3 |  4- 6 || total
-------------------------+-------+-------++-------
Melee: Mace              |    96 |   128 ||   224
Invok: Trog's Hand       |       |     4 ||     4
 Abil: Heal Wounds       |     1 |     1 ||     2
  Eat: Chunk             |       |     5 ||     5
Armor: Animal skin       |     3 |       ||     3
       Scale mail        |    32 |    34 ||    66
       Plate armour      |       |    49 ||    49
Dodge: Dodged            |    59 |    69 ||   128

Table legend:
 A = Non-vault XP
 B = Vault XP
 C = Vault XP percentage of total XP
 D = Non-vault monster count
 E = Vault monster count
 F = Vault count percentage of total count
                 A         B        C        D         E       F
            +---------+---------+-------+---------+---------+-------
      Total |     226 |      58 |  20.4 |      49 |       9 |  15.5
            +---------+---------+-------+---------+---------+-------
        D:1 |      32 |       0 |   0.0 |      19 |       0 |   0.0
        D:2 |      90 |      23 |  20.4 |      18 |       8 |  30.8
        D:3 |     102 |      35 |  25.5 |      11 |       1 |   8.3
        D:4 |       2 |       0 |   0.0 |       1 |       0 |   0.0
            +---------+---------+-------+---------+---------+-------
